 Dungeon Crawl Stone Soup version 0.30.0-29-ga12c61a403 (webtiles) character file.

Game seed: 1770337011346411869

243 Elmgren the Shooter (level 6, -4/35 HPs)
             Began as a Gargoyle Hunter on June 21, 2023.
             Slain by an ogre
             ... wielding a +0 giant club
              (23 damage)
             ... on level 4 of the Dungeon.
             The game lasted 00:04:02 (3267 turns).

Elmgren the Shooter (Gargoyle Hunter)               Turns: 3267, Time: 00:04:03

Health: -4/35      AC:  7    Str: 16    XL:     6   Next: 9%
Magic:  6/6        EV: 11    Int: 10    God:
Gold:   238        SH:  0    Dex: 13    Spells: 5/5 levels left

rFire   . . .        a - +0 shortbow
rCold   . . .        (shield currently unavailable)
rNeg    + . .        c - +0 leather armour
rPois   ∞            (no helmet)
rElec   +            (no cloak)
rCorr   .            (no gloves)
SInv    .            (no boots)
Will    .....        (no amulet)
Stlth   +            (no ring)
HPRegen 0.25/turn    (no ring)
MPRegen 0.10/turn

%: no passive effects
@: no status effects
A: sickness immunity, AC +4, negative energy resistance 1, electricity
resistance, torment resistance 1, petrification resistance
a: no special abilities


You were on level 4 of the Dungeon.
You visited 1 branch of the dungeon, and saw 4 of its levels.

You collected 238 gold pieces.

Inventory:

Hand Weapons
 a - a +0 shortbow (weapon)
Armour
 c - a +0 leather armour (worn)
 i - a +1 helmet
   (You took it off Robin on level 3 of the Dungeon)
Jewellery
 d - a +6 ring of dexterity
   (You found it on level 1 of the Dungeon)
Scrolls
 b - a scroll of immolation {!r}
 f - 3 scrolls of identify {@r1}
 j - 2 scrolls of teleportation {!r!d, @r3}
Potions
 e - a potion of brilliance
 g - a potion of cancellation {unknown}
 h - a potion of flight {unknown}
 k - 3 potions of curing {unknown}
 l - a potion of magic {unknown}
 m - a potion of attraction {unknown}
 n - a potion of resistance {unknown}


   Skills:
 - Level 2.1 Fighting
 + Level 7.2 Ranged Weapons
 - Level 1.5 Dodging
 - Level 1.1 Stealth


You had 5 spell levels left.
You didn't know any spells.
Your spell library was empty.

Dungeon Overview and Level Annotations

Branches:
Dungeon (4/15)             Temple (0/1) D:4

Altars:
Okawaru
Sif Muna

Annotations:
D:3 3 runed translucent doors, Levsong's ghost, amateur AtGl


Innate Abilities, Weirdness & Mutations

You are immune to sickness and miasma.
Your stone body is resilient. (AC +4)
You are immune to poison.
You resist negative energy. (rN+)
You are resistant to electric shocks. (rElec)
You are resistant to unholy torment.
You are immune to petrification.


Message History

You now have 228 gold pieces (gained 6).
Things that are here:
a +1 dagger of draining; a +0 robe; a giant cockroach corpse No target in view!
Found a stone staircase leading up.
No target in view!
Things that are here:
a +1 dagger of draining; a +0 robe; a giant cockroach corpse
Things that are here:
a +0 club; a +0 ring mail An endoplasm comes into view.
You shoot an arrow. The endoplasm quivers.
The arrow hits the endoplasm but does no damage.
An endoplasm is nearby!
You shoot an arrow. The arrow hits the endoplasm.
An endoplasm is nearby!
You shoot an arrow. The arrow hits the endoplasm!
You kill the endoplasm!
You see here a +0 hand axe.
Found a stone staircase leading down.
No target in view!
A worm comes into view.
You shoot an arrow. The arrow hits the worm.
A worm is nearby!
You shoot an arrow. The arrow hits the worm.
A worm is nearby!
You shoot an arrow. The arrow hits the worm.
A worm is nearby!
You shoot an arrow. The arrow hits the worm.
A worm is nearby!
You shoot an arrow.
The arrow hits the worm but does no damage.
A worm is nearby!
You shoot an arrow. The arrow barely misses the worm.
A worm is nearby!
You shoot an arrow.
The arrow hits the worm but does no damage.
A worm is nearby!
You shoot an arrow. The arrow hits the worm.
A worm is nearby!
You shoot an arrow. The arrow hits the worm.
You kill the worm!
You see here a worm corpse.
An orc comes into view. It is wielding a +0 whip.
You shoot an arrow. The arrow hits the orc.
You kill the orc!
An adder comes into view.
You shoot an arrow. The arrow misses the adder.
The adder hisses angrily.
An adder is nearby!
You shoot an arrow. The arrow barely misses the adder.
An adder is nearby!
You shoot an arrow. The arrow hits the adder!
An endoplasm comes into view.
There are monsters nearby!
You shoot an arrow. The arrow closely misses the adder.
There are monsters nearby!
You shoot an arrow. The arrow misses the adder.
The adder barely misses you. The adder bites you but does no damage.
There are monsters nearby!
You shoot an arrow. The arrow closely misses the adder.
The adder closely misses you.
There are monsters nearby!
You shoot an arrow. The arrow hits the adder.
You kill the adder!
An endoplasm is nearby!
You shoot an arrow. The arrow hits the endoplasm!
You kill the endoplasm!
You now have 238 gold pieces (gained 10).
Found a stone staircase leading up.
No target in view!
A dart slug comes into view.
You shoot an arrow. The arrow hits the dart slug.
A dart slug is nearby!
You shoot an arrow. The arrow hits the dart slug.
The dart slug launches a dart at you.
The slug dart hits you but does no damage.
A dart slug is nearby!
You shoot an arrow. The arrow hits the dart slug!
You kill the dart slug!
An ogre comes into view. It is wielding a +0 giant club.
You shoot an arrow. The arrow hits the ogre!
An ogre is nearby!
You shoot an arrow. The arrow hits the ogre.
An ogre is nearby!
You shoot an arrow. The arrow barely misses the ogre.
The ogre hits you with a +0 giant club!!
Ouch! That really hurt!
An ogre is nearby!
You take 19 damage, and have 16/35 hp.
MASSIVE DAMAGE!!
The ogre attacks as you move away! The ogre barely misses you.
The ogre attacks as you move away! The ogre hits you but does no damage.
You see here 2 stones.
You shoot an arrow. The arrow hits the ogre!
The ogre closely misses you. The ogre attacks as you move away!
The ogre hits you with a +0 giant club!!
Ouch! That really hurt!
You die...

# #.##.# #.... #.
#.##.####.#<#
###..#.........#.# ##.
..............(..# #..
###.##...........# #.#
# #.########..# #.#
#........#..# #.#
########.#.O# #.#
##.#.@# #.#
#####.[...####.#
......#†.......#
#####...#####..#
##.........#
#.######.## ###
##.######.#
..##########.........#
#.#.............######


You could see an ogre.

Vanquished Creatures
  Jessica (D:2)
  An orc wizard (D:4)
  Robin (D:3)
  4 adders (D:2 D:4)
  2 worms (D:2 D:4)
  6 dart slugs (D:1 D:2 D:3 D:4)
  15 orcs (D:3 D:4)
  6 ball pythons (D:1 D:2 D:4)
  9 endoplasms (D:1 D:3 D:4)
  3 giant cockroaches (D:1 D:4)
  12 hobgoblins (D:1 D:2 D:3)
  5 jackals (D:1 D:3)
  3 quokkas (D:2 D:3)
  7 bats (D:1 D:2 D:3)
  4 frilled lizards (D:1 D:2 D:3)
  13 goblins (D:1 D:2 D:3 D:4)
  9 kobolds (D:1 D:2 D:3)
  8 rats (D:1 D:2 D:3)
109 creatures vanquished.

Notes
Turn   | Place    | Note
-------+----------+-------------------------------------------
     0 | D:1      | Elmgren the Gargoyle Hunter began the quest for the Orb.
     0 | D:1      | Reached XP level 1. HP: 12/12 MP: 1/1
   178 | D:1      | Reached XP level 2. HP: 13/17 MP: 2/2
   385 | D:1      | Reached XP level 3. HP: 21/21 MP: 3/3
   472 | D:1      | Reached skill level 5 in Ranged Weapons
  1232 | D:2      | Reached XP level 4. HP: 26/26 MP: 4/4
  1250 | D:2      | Noticed Jessica
  1259 | D:2      | Killed Jessica
  1768 | D:2      | Reached skill level 6 in Ranged Weapons
  2060 | D:3      | Found a runed translucent gate.
  2067 | D:3      | Found a runed translucent gate.
  2067 | D:3      | Found a runed translucent gate.
  2067 | D:3      | Noticed Levsong's ghost (amateur AtGl)
  2103 | D:3      | Reached XP level 5. HP: 30/30 MP: 5/5
  2163 | D:3      | Noticed Robin
  2183 | D:3      | Killed Robin
  2555 | D:3      | Found a shimmering blue altar of Sif Muna.
  2755 | D:3      | Found an iron altar of Okawaru.
  2991 | D:4      | Found a staircase to the Ecumenical Temple.
  3042 | D:4      | Reached skill level 7 in Ranged Weapons
  3042 | D:4      | Reached XP level 6. HP: 21/35 MP: 6/6
  3251 | D:4      | HP: 16/35 [ogre/+0 giant club (19)]
  3267 | D:4      | Slain by an ogre

Illustrated notes

Levels and vault maps discovered:
D:1:      mrwooster_arrival_statue, layout_basic
D:2:      layout_basic, uniq_jessica
D:3:      layout_loops_cross, old_standard_altar,
          mainiacjoe_overflow_tiny_flanked, ebering_ghost_rock_garden,
          grunt_ministairs_13, uniq_robin
D:4:      layout_loops_ring, minmay_temple_entry_arrows

Skill      XL: |  1  2  3  4  5 |
---------------+----------------+-----
Ranged Weapons | 5 6 7 |  7.2
Fighting       | |  2.1
Dodging        | |  1.5
Stealth        | |  1.1

Action                     |  1- 3 |  4- 6 || total
---------------------------+-------+-------++-------
  Melee: Shortbow          |       |     2 ||     2
   Fire: Shortbow          |   149 |   197 ||   346
    Use: Scroll            |       |     3 ||     3
 Armour: Leather armour    |    22 |    41 ||    63
  Dodge: Dodged            |    43 |    42 ||    85

Levels and vault maps discovered:
D:1:      mrwooster_arrival_statue, layout_basic
D:2:      layout_basic, uniq_jessica
D:3:      layout_loops_cross, old_standard_altar,
          mainiacjoe_overflow_tiny_flanked, ebering_ghost_rock_garden,
          grunt_ministairs_13, uniq_robin
D:4:      layout_loops_ring, minmay_temple_entry_arrows

Table legend: (Time is in decaauts)
 A = Elapsed time spent in this place.
 B = Non-inter-level travel time spent in this place.
 C = Inter-level travel time spent in this place.
 D = Time resting spent in this place.
 E = Time spent auto-exploring this place.
 F = Levels seen in this place.
 G = Mean time per level.
                   A        B        C        D        E       F      G
               +--------+--------+--------+--------+--------+-----+--------+
         Total |   3352 |   3276 |     76 |    338 |   2344 |   4 |  838.0 |
       Dungeon |   3352 |   3276 |     76 |    338 |   2344 |   4 |  838.0 |
               +--------+--------+--------+--------+--------+-----+--------+

Top non-repeatable levels by time:
     D:2: 1066 daAuts
     D:1: 1045 daAuts
     D:3: 899 daAuts
     D:4: 341 daAuts

Table legend:
 A = Kills in this place as a percentage of kills in the entire game.
 B = Kills by you in this place as a percentage of kills by you in the entire game.
 C = Kills by friends in this place as a percentage of kills by friends in the entire game.
 D = Other kills in this place as a percentage of other kills in the entire game.
 E = Experience gained in this place as a percentage of experience gained in the entire game.
 F = Experience gained in this place divided by the number of levels of this place that you have seen.
                   A       B       C       D       E      F
               +-------+-------+-------+-------+-------+----------------------
         Total | 100.0 | 100.0 |   N/A |   N/A | 100.0 |  87.0
       Dungeon | 100.0 | 100.0 |   N/A |   N/A | 100.0 |  87.0
               +-------+-------+-------+-------+-------+----------------------
